 Dungeon Crawl Stone Soup version 0.29.1-12-g30fa7ad0bf (webtiles) character file.

Game seed: 10308048522112201666

578 wormed the Cutter (level 7, 0/44 HPs)
             Began as a Kobold Monk on Dec 28, 2022.
             Slain by a hornet (12 damage)
             ... on level 6 of the Dungeon.
             The game lasted 00:09:47 (6189 turns).

wormed the Cutter (Kobold Monk)                     Turns: 6189, Time: 00:09:48

Health: 0/44       AC:  8    Str:  8    XL:     7   Next: 62%
Magic:  7/7        EV: 17    Int: 14    God:
Gold:   121        SH:  0    Dex: 24    Spells: 6/6 levels left

rFire   . . .      SeeInvis .   f - +0 dagger (venom)
rCold   . . .      Faith    .   (no shield)
rNeg    . . .      Spirit   .   b - +1 leather armour of Yfesm {rElec Will- Int+3 Dex+4}
rPois   .          Reflect  .   B - +2 hat
rElec   +          Harm     .   c - +0 cloak
rCorr   +          Rampage  .   (no gloves)
Will    .....                   g - +0 pair of boots
Stlth   ++++......              z - amulet of the acrobat
HPRegen 0.14/turn               A - ring of resist corrosion
MPRegen 0.10/turn               (no ring)

@: lethally poisoned (0 -> -3), slowed, very slow
A: small, no large weapons, nightstalker 3
a: no special abilities


You were on level 6 of the Dungeon.
You visited 2 branches of the dungeon, and saw 7 of its levels.

You collected 231 gold pieces.
You spent 110 gold pieces at shops.

Inventory:

Hand Weapons
 f - a +0 dagger of venom (weapon)
Missiles
 k - 6 boomerangs of dispersal
 l - 2 poisoned darts (quivered)
Armour
 b - the +1 leather armour of Yfesm (worn) {rElec Will- Int+3 Dex+4}
   (You found it on level 3 of the Dungeon)

   Int:       It affects your intelligence (+3).
   Dex:       It affects your dexterity (+4).
   rElec:     It insulates you from electricity.
   Will:      It decreases your willpower.
 c - a +0 cloak (worn)
 g - a +0 pair of boots (worn)
 B - a +2 hat (worn)
Jewellery
 r - a ring of magical power
 x - an amulet of magic regeneration
 z - an amulet of the acrobat (around neck)
 A - a ring of resist corrosion (left hand)
Wands
 t - a wand of flame (38)
Scrolls
 a - a scroll of enchant weapon {unknown}
 d - a scroll of vulnerability {unknown}
 e - 2 scrolls of enchant armour {unknown}
 i - 2 scrolls of teleportation {unknown}
 j - a scroll of noise {unknown}
 n - 3 scrolls of fear {unknown}
 p - 2 scrolls of blinking {unknown}
 v - 3 scrolls of butterflies {unknown}
 w - a scroll of poison {unknown}
 y - a scroll of immolation {unknown}
Potions
 h - a potion of degeneration
 m - 2 potions of heal wounds
 o - a potion of magic
 q - 2 potions of might {unknown}
 s - 2 potions of attraction {unknown}
 u - a potion of lignification


   Skills:
 + Level 4.6 Fighting
 * Level 5.9 Short Blades
 + Level 2.0 Armour
 + Level 5.1 Dodging
 + Level 5.2 Stealth
 + Level 2.3 Shields


You had 6 spell levels left.
You didn't know any spells.
Your spell library contained the following spells:

 Spells                   Type           Power      Damage    Failure   Level
 Conjure Flame            Conj/Fire      0%         6-21      77%         3
 Ignite Poison            Fire/Tmut/Pois 0%         N/A       77%         3
 Sticky Flame             Conj/Fire      0%         2d3       99%         4


Dungeon Overview and Level Annotations

Branches:
Dungeon (6/15)             Temple (1/1) D:4

Altars:
Ashenzari
Cheibriados
Dithmenos
Elyvilon
Fedhas
Gozag
Kikubaaqudgha
Nemelex Xobeh
Ru
Sif Muna
Uskayaw
Vehumet
Wu Jian
Yredelemnul
The Shining One

Shops:
D:2 (

Annotations:
D:6 1 transporter


Innate Abilities, Weirdness & Mutations

You are small and have problems with some larger weapons.
You are completely attuned to the shadows.


Message History

The hornet stings you but does no damage.
The hornet barely misses you.
You barely miss the hornet.
The hornet is lightly wounded.
The hornet barely misses you. x2
Throw: 4 darts (poison)
Press: ? - help, Q - select action, (/) - cycle Shift-Dir - straight line, f/p - hornet
Aim: a hornet (lightly wounded, poisoned, 54% to hit)
You throw a poisoned dart.
The poisoned dart barely misses the hornet.
You feel yourself speed up.
The hornet stings you but does no damage.
The hornet closely misses you.
You closely miss the hornet.
The hornet is moderately wounded.
The hornet looks more healthy.
The hornet stings you but does no damage.
You miss the hornet.
The hornet is moderately wounded.
The hornet completely misses you.
You hit the hornet.
The hornet is poisoned.
The hornet is heavily wounded.
The hornet stings you!
You are poisoned.
You feel yourself slow down.
You barely miss the hornet.
The hornet is heavily wounded.
You feel very sick. The hornet misses you. The hornet completely misses you.
You miss the hornet.
The hornet is heavily wounded.
You feel sick. The hornet barely misses you. The hornet stings you!
You feel as though you will be slow longer.
Throw: 3 darts (poison)
Press: ? - help, Q - select action, (/) - cycle Shift-Dir - straight line, f/p - hornet
Aim: a hornet (severely wounded, very poisoned, 54% to hit)
You throw a poisoned dart.
The poisoned dart closely misses the hornet.
You feel sick. The hornet barely misses you. The hornet stings you!
You die...

# #.##. #.#.#.
.##.#.#
......#.....
....#.##.5.#
#y@..#©..
.......#####
(........[.####
..###...##.....
.. ............
######...###
....<.....
####.#.....
#.#.#...


You could see a hornet (very poisoned).

Vanquished Creatures
  A phantom (D:5)
  A necrophage (D:5)
  A howler monkey (D:4)
  2 orc priests (D:4)
  A jelly (D:4)
  2 hounds
  Crazy Yiuf (D:3)
  A gnoll bouda (D:4)
  2 iguanas (D:4)
  A mummy (D:4)
  2 adders (D:3)
  A white imp (D:5)
  4 ufetubi
  2 worms (D:2)
  A dart slug (D:2)
  7 orcs
  4 endoplasms
  6 giant cockroaches
  7 goblins
  5 hobgoblins
  3 kobolds
  7 quokkas
  8 ball pythons
  8 bats
  A frilled lizard (D:2)
  3 rats (D:1)
82 creatures vanquished.

Notes
Turn   | Place    | Note
-------+----------+-------------------------------------------
     0 | D:1      | wormed the Kobold Monk began the quest for the Orb.
     0 | D:1      | Reached XP level 1. HP: 14/14 MP: 1/1
   520 | D:1      | Reached XP level 2. HP: 19/19 MP: 2/2
   536 | D:1      | Found a faded altar of an unknown god.
  1118 | D:2      | Reached XP level 3. HP: 21/23 MP: 3/3
  1312 | D:2      | Found Igaohum's Antique Weapon Boutique.
  1859 | D:3      | You fall into a shaft and drop 2 floors!
  1859 | D:5      | Entered Level 5 of the Dungeon
  1901 | D:5      | Reached XP level 4. HP: 28/28 MP: 4/4
  1980 | D:5      | Noticed a phantom
  2001 | D:5      | Reached skill level 1 in Shields
  2044 | D:5      | HP: 1/29 [phantom (4)]
  2046 | D:5      | Killed a phantom
  2047 | D:5      | Reached skill level 1 in Armour
  2047 | D:5      | Reached XP level 5. HP: 1/33 MP: 5/5
  2598 | D:5      | Reached skill level 5 in Short Blades
  2598 | D:5      | Reached XP level 6. HP: 38/38 MP: 6/6
  2805 | D:3      | Found a glowing golden altar of the Shining One.
  3173 | D:3      | Identified the +1 leather armour of Yfesm {rElec Will-
                  | Int+3 Dex+4}
  3346 | D:3      | Found a runed translucent door.
  3349 | D:3      | Noticed Crazy Yiuf
  3373 | D:3      | Killed Crazy Yiuf
  3669 | D:2      | Bought a runed dagger for 110 gold pieces
  4058 | D:4      | Reached XP level 7. HP: 44/44 MP: 7/7
  4238 | D:4      | Found a blossoming altar of Fedhas.
  4269 | D:4      | Reached skill level 5 in Dodging
  4269 | D:4      | Reached skill level 5 in Stealth
  4869 | D:4      | Found a staircase to the Ecumenical Temple.
  5130 | Temple   | Entered the Ecumenical Temple
  5582 | D:5      | Found an opulent altar of Gozag.
  6170 | D:6      | Found a transporter.
  6178 | D:6      | Noticed a hornet
  6189 | D:6      | Slain by a hornet

Illustrated notes

Levels and vault maps discovered:
D:1:      dpeg_arrival_circle_labyrinth_b, layout_rooms,
          ebering_ecumenical_altar_abandoned
D:2:      layout_basic, serial_shops, nicolae_square_shop, grunt_ministairs_4,
          serial_bayou_pond_e
D:3:      layout_basic, tso_metal_star, serial_corexii_hall,
          chequers_hall_statues_corner_a, corexii_hall_statues_x,
          chequers_hall_statues_corner_a, grunt_ministairs_11,
          uniq_crazy_yiuf_cottage
D:4:      layout_loops_ring, marbit_many_paths, temple_pool_b,
          gup_ossuary_entry_pyramid, dreamdust_princess_bridge
D:5:      layout_loops_corners, kennysheep_mini_moat
D:6:      layout_basic, gup_sewer_entry_bowl, gammafunk_ghost_stat_death,
          kb_rosetta
Temple:   minmay_temple_bridge_abc

Skill      XL: |  1  2  3  4  5  6  7 |
---------------+----------------------+-----
Stealth        | 3 4 5 |  5.2
Dodging        | 4 5 |  5.1
Shields        | 1 2 |  2.3
Armour         | 1 2 |  2.0
Fighting       | 4 |  4.6
Short Blades   | 5 |  5.9

Action                   |  1- 3 |  4- 6 |  7- 9 || total
-------------------------+-------+-------+-------++-------
Melee: Short sword       |    98 |    82 |       ||   180
       Dagger            |       |    33 |    82 ||   115
       Punch             |       |       |     1 ||     1
Throw: Dart              |       |       |     5 ||     5
Evoke: Wand              |       |     4 |       ||     4
  Use: Potion            |       |     4 |       ||     4
       Scroll            |       |       |     4 ||     4
 Stab: Sleeping          |    15 |    13 |     5 ||    33
       Distracted        |       |     1 |     2 ||     3
Armor: Robe              |    19 |     4 |       ||    23
       Leather armour    |       |     7 |    15 ||    22
Dodge: Dodged            |    85 |    94 |    40 ||   219
